 Dungeon Crawl Stone Soup version 0.27.1-33-g824d729ab1 (webtiles) character file.

Game seed: 11015843363711750627

1817 daervis the Cleaver (level 9, -5/56 HPs)
             Began as a Gargoyle Berserker on Dec 17, 2021.
             Was an Elder of Trog.
             Slain by a killer bee (7 damage)
             ... on level 6 of the Dungeon.
             The game lasted 00:30:37 (8406 turns).

daervis the Cleaver (Gargoyle Berserker)            Turns: 8406, Time: 00:30:38

Health: -5/56      AC: 23    Str: 24    XL:     9   Next: 10%
Magic:  9/9        EV:  8    Int:  8    God:    Trog [****..]
Gold:   330        SH:  0    Dex:  9    Spells: 8/8 levels left

rFire    . . .     SeeInvis .   t - +0 battleaxe
rCold    . . .     Faith    .   (shield currently unavailable)
rNeg     + . .     Spirit   .   q - +0 chain mail
rPois    ∞         Reflect  .   n - +2 helmet
rElec    +         Harm     .   m - +0 cloak
rCorr    .         Rampage  .   (no gloves)
Will     .....                  k - +1 pair of boots
Stlth    ..........             (no amulet)
HPRegen  0.18/turn              (no ring)
MPRegen  0.11/turn              (no ring)

@: no status effects
A: sickness immunity, AC +6, negative energy resistance 1, electricity
resistance, torment resistance 1, petrification resistance
a: Renounce Religion, Berserk, Trog's Hand, Brothers in Arms


You were on level 6 of the Dungeon.
You worshipped Trog.
Trog was greatly pleased with you.
You visited 1 branch of the dungeon, and saw 7 of its levels.

You collected 330 gold pieces.

Inventory:

Hand Weapons
 a - a +0 hand axe
 t - a +0 battleaxe (weapon)
Armour
 b - a +0 animal skin
 k - a +1 pair of boots (worn)
 m - a +0 cloak (worn)
 n - a +2 helmet (worn)
 q - a +0 chain mail (worn)
Jewellery
 j - a ring of willpower
 s - a ring of flight
 v - a ring of ice
Wands
 g - a wand of iceblast (4)
 h - a wand of flame (14)
Potions
 c - 2 potions of mutation
 d - 2 potions of lignification
 e - a potion of might {unknown}
 f - 4 potions of curing
 i - a potion of magic {unknown}
 l - a potion of experience {unknown}
 o - 2 potions of haste {unknown}
 p - 2 potions of attraction {unknown}
 r - a potion of ambrosia {unknown}
 u - a potion of heal wounds {unknown}


   Skills:
 + Level 6.5 Fighting
 + Level 8.6 Axes
 + Level 5.9 Armour
 - Level 1.5 Dodging
 + Level 0.3 Stealth


You had 8 spell levels left.
You didn't know any spells.
Your spell library was empty.

Dungeon Overview and Level Annotations

Branches:
Dungeon (7/15)
 Temple: D:4-7

Altars:
Cheibriados
Kikubaaqudgha
Makhleb
Nemelex Xobeh
Okawaru
Vehumet
Wu Jian
Yredelemnul
The Shining One

Portals:
Abyss: D:3

Annotations:
D:3 2 transporters, JamezByez's ghost, amateur HOBe


Innate Abilities, Weirdness & Mutations

You are immune to sickness and miasma.
Your stone body is resilient. (AC +6)
You are immune to poison.
You resist negative energy. (rN+)
You are resistant to electric shocks. (rElec)
You are resistant to unholy torment.
You are immune to petrification.


Message History

The killer bee is moderately wounded.
The killer bee stings you but does no damage. x2
Your chain mail prevents you from hitting the killer bee.
The killer bee is moderately wounded.
You recover from your berserk rage.
The killer bee stings you but does no damage. x3
You hit the killer bee but do no damage.
The killer bee is moderately wounded.
The killer bee closely misses you. x2
You closely miss the killer bee.
The killer bee is moderately wounded.
The killer bee stings you but does no damage.
The killer bee barely misses you. x2
You miss the killer bee.
The killer bee is moderately wounded.
The killer bee closely misses you. The killer bee stings you.
You closely miss the killer bee.
The killer bee is moderately wounded.
The killer bee stings you but does no damage.
The killer bee stings you. The killer bee barely misses you.
You closely miss the killer bee.
The killer bee is moderately wounded.
The killer bee stings you.
* * * LOW HITPOINT WARNING * * *
The killer bee stings you.
* * * LOW HITPOINT WARNING * * *
You miss the killer bee.
The killer bee is moderately wounded.
The killer bee stings you.
* * * LOW HITPOINT WARNING * * *
The killer bee stings you.
* * * LOW HITPOINT WARNING * * *
The killer bee barely misses you. The killer bee barely misses you.
Things that are here:
a +0 dagger; a +0 leather armour The killer bee stings you.
* * * LOW HITPOINT WARNING * * *
The killer bee stings you!
You die...

###################.)........## #
..............................# #
...#################.######..)###
##........# #.# #......
########.## #.. ##..##. #..# ###.
........ ##.## #.≈≈≈≈≈≈≈≈≈
#..###########.≈......S≈
##.....@yy.oo#§≈o≈≈≈≈≈.≈
###########oo.≈o...o≈.≈
..≈o≈._.≈§§ .≈.≈ ≈ §.≈ .. ≈


You could see an orc warrior, 2 killer bees, an orc priest and 2 orcs.

Vanquished Creatures
  Sigmund (D:6)
  Eustachio (D:5)
  A steam dragon (D:5)
  Edmund (D:5)
  A centaur (D:5)
  A phantom (D:4)
  4 scorpions
  A water moccasin skeleton (D:5)
  4 killer bees (D:6)
  2 howler monkeys
  2 jellies
  2 centaur skeletons
  2 hounds
  3 iguanas
  An orc wizard (D:4)
  A hound skeleton (D:4)
  Robin (D:3)
  7 gnolls (D:5)
  4 adders
  A white imp (D:5)
  An adder zombie (D:5)
  3 dart slugs
  5 orcs
  11 ball pythons
  13 endoplasms
  3 giant cockroaches
  40 goblins
  34 hobgoblins
  3 jackals (D:1)
  13 kobolds
  A quokka (D:1)
  5 bats
  4 frilled lizards
  6 rats
183 creatures vanquished.

Vanquished Creatures (others)
  13 plants (D:3)
13 creatures vanquished.

Grand Total: 196 creatures vanquished

Notes
Turn   | Place    | Note
-------+----------+-------------------------------------------
     0 | D:1      | daervis the Gargoyle Berserker began the quest for the Orb.
     0 | D:1      | Reached XP level 1. HP: 14/14 MP: 1/1
    79 | D:1      | Reached XP level 2. HP: 19/19 MP: 2/2
   153 | D:1      | Reached skill level 3 in Axes
   451 | D:1      | Reached XP level 3. HP: 23/24 MP: 3/3
   610 | D:1      | Reached ** piety under Trog
  1505 | D:2      | Reached XP level 4. HP: 26/29 MP: 4/4
  2356 | D:3      | Noticed Robin
  2495 | D:3      | Found a transporter.
  2514 | D:3      | Noticed an ancient zyme
  2518 | D:3      | Found a transporter.
  2692 | D:3      | Killed Robin
  3085 | D:3      | Found a glowing golden altar of the Shining One.
  3366 | D:3      | Found a one-way gate to the infinite horrors of the Abyss.
  3366 | D:3      | Noticed JamezByez's ghost (amateur HOBe)
  3366 | D:3      | Noticed a small abomination
  3367 | D:3      | Noticed a kobold brigand
  3832 | D:3      | Reached skill level 4 in Axes
  3832 | D:3      | Reached XP level 5. HP: 34/34 MP: 5/5
  3853 | D:5      | Entered Level 5 of the Dungeon
  3876 | D:4      | Noticed a phantom
  3905 | D:4      | Killed a phantom
  3906 | D:4      | Reached XP level 6. HP: 21/39 MP: 6/6
  4220 | D:4      | Reached *** piety under Trog
  4221 | D:4      | Reached skill level 5 in Axes
  4365 | D:4      | Reached XP level 7. HP: 30/44 MP: 7/7
  4480 | D:4      | Found a burning altar of Makhleb.
  4507 | D:4      | Reached skill level 5 in Fighting
  5458 | D:5      | Found a snail-covered altar of Cheibriados.
  5503 | D:6      | Reached skill level 6 in Axes
  5814 | D:5      | Noticed Edmund
  5830 | D:5      | Killed Edmund
  6090 | D:5      | Reached XP level 8. HP: 46/50 MP: 8/8
  6401 | D:5      | Found a radiant altar of Vehumet.
  6422 | D:5      | Reached skill level 7 in Axes
  6422 | D:5      | Reached skill level 5 in Armour
  6971 | D:5      | Reached **** piety under Trog
  7196 | D:5      | Noticed Eustachio
  7216 | D:5      | Killed Eustachio
  7908 | D:6      | Noticed Sigmund
  7921 | D:6      | Killed Sigmund
  7922 | D:6      | Reached skill level 8 in Axes
  8148 | D:6      | Found an iron altar of Okawaru.
  8154 | D:6      | Found an ornate altar of the Wu Jian Council.
  8162 | D:6      | Found an ancient bone altar of Kikubaaqudgha.
  8162 | D:6      | Found a sparkling altar of Nemelex Xobeh.
  8163 | D:6      | Found a basalt altar of Yredelemnul.
  8355 | D:6      | Reached XP level 9. HP: 56/56 MP: 9/9
  8405 | D:6      | HP: 2/56 [killer bee (1)]
  8406 | D:6      | Slain by a killer bee

Illustrated notes

Levels and vault maps discovered:
D:1:      minmay_arrival_arboretum_small, layout_rooms
D:2:      layout_loops_corners
D:3:      layout_loops_ring, mainiacjoe_overflow_six_doors_small,
          gammafunk_ghost_abyssal_escape, chequers_big_river,
          saegor_snake_ambush, uniq_robin
D:4:      layout_basic, old_standard_altar, st_stairs_5,
          small_statue_intersection
D:5:      minmay_goblin_kobold_castle, layout_loops_cross,
          mainiacjoe_overflow_paths, vehumet_altar_wand_db, uniq_eustachio,
          uniq_edmund
D:6:      layout_rooms, mainiacjoe_overflow_concentric_impassable,
          chequers_temple_overflow_statue_of_worship, uniq_crazy_yiuf_cottage,
          uniq_sigmund
D:7:      layout_loops_ring, mainiacjoe_overflow_alcove_2,
          minmay_temple_entry_from_below_a, nrook_campfire,
          minmay_manual_mullet, uniq_joseph

Skill      XL: |  1  2  3  4  5  6  7  8 |
---------------+-------------------------+-----
Axes           | 3 4 5 6 8 |  8.6
Fighting       | 4 5 6 |  6.5
Armour         | 3 4 5 |  5.9
Dodging        | |  1.5
Stealth        | |  0.3

Action                   |  1- 3 |  4- 6 |  7- 9 || total
-------------------------+-------+-------+-------++-------
Melee: Hand axe          |   125 |    27 |       ||   152
       Battleaxe         |       |   140 |   306 ||   446
Invok: Berserk           |     2 |     2 |    10 ||    14
  Use: Scroll            |       |       |     7 ||     7
Armor: Animal skin       |    39 |       |       ||    39
       Scale mail        |    11 |       |       ||    11
       Chain mail        |     8 |   201 |   304 ||   513
Dodge: Dodged            |    83 |   139 |   206 ||   428
